 Dungeon Crawl Stone Soup version 0.31-a0-986-g5e6e4ef867 (webtiles) character file.

Game seed: 1644680442272104911

281383 skwerlee the Warrior (level 20, -33/127 HPs)
             Began as a Gargoyle Berserker on Nov 12, 2023.
             Was a High Priest of Trog.
             Annihilated by an azure jelly (67 damage)
             ... on level 1 of the Pits of Slime on Nov 13, 2023.
             The game lasted 02:23:24 (40194 turns).

skwerlee the Warrior (Gargoyle Berserker)          Turns: 40194, Time: 02:23:24

Health: -33/127    AC: 44    Str: 29    XL:     20   Next: 50%
Magic:  18/18      EV: 10    Int:  9    God:    Trog [*****.]
Gold:   3598       SH:  0    Dex:  9    Spells: 19/19 levels left

rFire   . . .        Q - +12 glaive of Prune {freeze, Prune}
rCold   x . .        (shield currently unavailable)
rNeg    + . .        m - +0 shadow dragon scales
rPois   ∞            p - +0 helmet
rElec   +            h - +2 cloak
rCorr   +            M - +0 pair of gloves {infuse}
SInv    .            J - +2 pair of boots {Fly}
Will    +....        N - amulet of regeneration
Stlth   +++++        A - ring of resist corrosion
HPRegen 1.21/turn    S - +4 ring of slaying
MPRegen 0.16/turn

%: infuse magic (1 MP)
@: about to teleport, fragile, flying, studying Maces & Flails
A: sickness immunity, AC +15, big wings, negative energy resistance 1,
electricity resistance, torment resistance 1, petrification resistance, frail 1,
low MP 1, cold vulnerability 1
}: 2/15 runes: decaying, serpentine
a: Renounce Religion, Berserk, Trog's Hand, Brothers in Arms


You were on level 1 of the Pits of Slime.
You worshipped Trog.
Trog was extremely pleased with you.
You visited 6 branches of the dungeon, and saw 32 of its levels.
You also visited: Sewer and Bailey.

You collected 4348 gold pieces.
You spent 750 gold pieces at shops.

Inventory:

Hand Weapons
 n - a +4 broad axe of flaming
 Q - the +12 glaive of Prune (weapon) {freeze, Prune}
   (You found it in a bailey)

   Prune:     It halves damage taken while paralysed, petrified or unconscious.
Armour
 h - a +2 cloak (worn)
 m - +0 shadow dragon scales (worn)
 p - a +0 helmet (worn)
 H - a +1 plate armour of fire resistance
 J - a +2 pair of boots of flying (worn)
 M - a +0 pair of gloves of infusion (worn)
Jewellery
 d - a +6 ring of dexterity
 s - a ring of protection from fire
 y - a ring of willpower
 A - a ring of resist corrosion (left hand)
 B - a ring of protection from cold
 E - a ring of see invisible
 N - an amulet of regeneration (around neck)
 O - a +6 ring of dexterity
 S - a +4 ring of slaying (right hand)
Wands
 t - a wand of flame (60)
 v - a wand of light (12) (quivered)
 w - a wand of iceblast (10)
 G - a wand of digging (8)
 K - a wand of polymorph (24)
 R - a wand of mindburst (11)
 U - a wand of paralysis (24)
Scrolls
 f - a scroll of revelation
 g - 3 scrolls of teleportation
 j - a scroll of immolation
 q - 4 scrolls of fear
 u - a scroll of enchant weapon
 x - 4 scrolls of fog
 z - 4 scrolls of poison
 F - 3 scrolls of brand weapon
 T - 10 scrolls of identify
Potions
 a - 2 potions of invisibility
 b - 5 potions of magic
 c - 3 potions of curing
 i - a potion of might
 l - a potion of ambrosia
 o - 2 potions of berserk rage
 r - 4 potions of cancellation
 C - 3 potions of lignification
 I - 3 potions of resistance
 L - 3 potions of enlightenment
 P - a potion of mutation
 V - 4 potions of haste


   Skills:
 + Level 20.7 Fighting
 - Level 12.5(17.1) Axes
 - Level 18.9(20.2) Polearms
 + Level 15.7 Armour
 - Level 3.2 Dodging
 * Level 9.9 Stealth
 - Level 1.0 Evocations


You had 19 spell levels left.
You didn't know any spells.
Your spell library was empty.

Dungeon Overview and Level Annotations

Branches:
Dungeon (14/15)            Temple (0/1) D:6            Lair (5/5) D:11
  Swamp (4/4) Lair:3        Snake (4/4) Lair:2        Slime (3/5) Lair:4
    Orc (2/2) D:9             Elf (0/3) Orc:2        Vaults (0/5) D:13
  Sewer (visited)          Bailey (visited)

Altars:
Dithmenos
Vehumet
Yredelemnul
Jiyva

Shops:
D:13 *!*?   Orc:2 :([:(   Snake:3 (

Annotations:
D:3 2 transporters
D:7 2 transporters, exclusion: ice statue, pigah's ghost, novice OpSh
D:9 exclusion: obsidian statue
D:10 2 transporters, kd29's ghost, journeyman GrEE
D:12 1 runed translucent door, Zoukiwysk's ghost, journeyman MiFi
D:14 3 runed translucent doors, yetimobile's ghost, journeyman DsNe
Lair:5 exclusion: obsidian statue


Innate Abilities, Weirdness & Mutations

You are immune to sickness and miasma.
Your stone body is resilient. (AC +15)
You are immune to poison.
Your large and strong wings let you fly.
You resist negative energy. (rN+)
You are resistant to electric shocks. (rElec)
You are resistant to unholy torment.
You are immune to petrification.
You are frail. (-10% HP)
Your magical capacity is low. (-10% MP)
You are vulnerable to cold. (rC-)


Message History

You feel your fragility will last longer.
The glass eye gazes at you.
You feel your fragility will last longer.
The glass eye gazes at you.
You feel your fragility will last longer.
The acid blob spits acid at you. The splash of acid hits you! You resist.
The acid blob spits acid at you. The splash of acid hits you. You resist.
The acid blob spits acid at you.
The splash of acid hits you but does no damage.
The azure jelly jiggles.
The acid blob spits acid at you.
The splash of acid hits you but does no damage.
The acid blob spits acid at you. The splash of acid hits you. You resist.
There is a stone staircase leading up here.
The azure jelly barely misses you.
The azure jelly hits you but does no damage. x3
You fly upwards.
The slime creature quivers. x2; The rockslime quivers.
There is a stone staircase leading down here.
As you read the scroll of teleportation, it crumbles to dust.
You feel strangely unstable.
The slime creature quivers.
The azure jelly hits you but does no damage.
The azure jelly hits you! The azure jelly freezes you!!!
You feel a terrible chill!
Ouch! That really hurt!
* * * LOW HITPOINT WARNING * * *
The azure jelly hits you but does no damage. x2
The quicksilver ooze quivers.
The great orb of eyes turns its gaze towards you.
The slime creature quivers. x2
The azure jelly hits you but does no damage.
The azure jelly hits you.
* * * LOW HITPOINT WARNING * * *
The azure jelly freezes you!!!
You feel a terrible chill!
Ouch! That really hurt!
You die...

#.#...........#
##..............#
#.J...J........#...
#..................
................#
##...............#
#.................#
#..............#.##
#..@.J.....
#.J...J....
#..J.......
##.J.......
..G.JJJ...
##.JJJ.....
..........
#..J......


You could see an azure jelly, a great orb of eyes, 11 slime creatures, a
rockslime and a quicksilver ooze.

Vanquished Creatures
  Vashnia (Snake:2)
  Saint Roka (Snake:3)
  Mlioglotl (Snake:2)
  An acid blob (Slime:2)
  2 thorn hunters
  Kirke (Lair:3)
  Donald (Snake:4)
  5 fenstrider witches
  Aizul (Snake:2)
  An azure jelly (Slime:2)
  12 nagarajas
  An orc warlord (Bailey)
  2 quicksilver oozes (Slime:1)
  2 formless jellyfish (Slime:1)
  Nessos (D:14)
  4 eleionomae
  Snorg (Orc:1)
  7 bunyips
  4 dire elephants (Lair:5)
  A shambling mangrove (Swamp:4)
  3 great orbs of eyes
  A vault guard (D:13)
  Fannar (Lair:3)
  3 salamander tyrants (Snake:4)
  A rakshasa (D:14)
  19 hydras
  A catoblepas (Lair:5)
  2 centaur warriors
  A ghost crab (Swamp:4)
  7 two-headed ogres
  10 anacondas
  5 boulder beetles
  6 alligators
  16 naga warriors
  3 orc high priests (Orc:2)
  18 naga sharpshooters
  3 shock serpents
  Amaemon (Lair:3)
  A skyshark (Lair:2)
  A spectral death yak (Lair:5)
  4 salamander mystics
  A fire crab (shapeshifter) (D:13)
  2 goliath frogs
  17 swamp dragons
  A spectral anaconda (Lair:5)
  3 bog bodies
  6 naga ritualists
  A phantasmal warrior (D:13)
  4 necromancers (Lair:5)
  5 orc knights
  4 spriggan druids
  6 lindwurms
  6 orc sorcerers
  10 mana vipers
  A manticore (D:11)
  12 salamanders
  2 shining eyes (Slime:2)
  4 will-o-the-wisps
  6 guardian serpents
  2 cyclopes
  33 black mambas
  21 elephants
  13 naga magi
  An orange demon (Lair:3)
  2 gargoyles
  A torpor snail (Lair:5)
  14 cane toads
  5 rime drakes
  Psyche (D:8)
  An unseen horror (D:13)
  A dire elephant skeleton (Lair:5)
  9 komodo dragons
  14 hornets
  A yaktaur (D:13)
  6 trolls
  4 polar bears
  9 tyrant leeches
  3 meliai (D:13)
  14 blink frogs
  A dream sheep (Lair:2)
  2 spectral elephants (Lair:5)
  A shadow (D:11)
  69 slime creatures
  6 wyverns
  21 spriggans
  A wraith (D:10)
  28 yaks
  A hog (Lair:3)
  6 golden eyes
  7 basilisks
  17 vampire mosquitoes
  Menkaure (D:6)
  2 steam dragons
  14 swamp worms
  2 wargs
  A death yak simulacrum (Lair:5)
  45 nagas
  14 water moccasins
  2 acid dragons
  Duvessa (D:7)
  6 swamp drakes
  A sky beast (D:7)
  2 ice beasts
  38 orc warriors
  6 black bears
  An elephant zombie (Lair:5)
  8 wolves
  3 ogres
  2 elephant skeletons (Lair:5)
  11 bullfrogs
  A gnoll sergeant (D:9)
  2 scorpions
  5 wights (D:9)
  Dowan (D:7)
  2 elephant simulacra (Lair:5)
  11 killer bees
  An electric eel (Lair:1)
  4 howler monkeys
  4 lava snakes (Lair:2)
  A hound (D:6)
  3 jellies
  3 gnoll boudas
  15 orc priests
  Jessica (D:3)
  Terence (D:3)
  4 iguanas
  22 orc wizards
  10 adders
  18 gnolls
  2 river rats (D:3)
  2 white imps
  4 ufetubi
  A worm (D:3)
  2 dart slugs
  76 orcs
  17 bats
  5 endoplasms
  7 giant cockroaches
  15 goblins
  17 hobgoblins
  4 quokkas
  3 ball pythons
  3 frilled lizards
  8 kobolds
  2 rats
1000 creatures vanquished.

Vanquished Creatures (collateral kills)
  A slime creature (Slime:1)
  A naga ritualist (Snake:1)
  A black mamba (Snake:1)
  A golden eye (Slime:1)
4 creatures vanquished.

Vanquished Creatures (others)
  A bloated husk (Swamp:1)
  A human (Lair:3)
  An orc priest (Orc:2)
  An orc wizard (D:3)
  A gnoll (D:7)
  13 foxfires
18 creatures vanquished.

Grand Total: 1022 creatures vanquished

Notes
Turn   | Place    | Note
-------+----------+-------------------------------------------
     0 | D:1      | skwerlee the Gargoyle Berserker began the quest for the
                  | Orb.
     0 | D:1      | Reached XP level 1. HP: 14/14 MP: 1/1
   159 | D:1      | Reached XP level 2. HP: 19/19 MP: 2/2
   604 | D:2      | Reached ** piety under Trog
   605 | D:2      | Reached XP level 3. HP: 13/24 MP: 3/3
   608 | D:2      | Reached skill level 4 in Fighting
   896 | D:2      | Reached skill level 1 in Stealth
  1009 | D:2      | Reached XP level 4. HP: 28/29 MP: 4/4
  1510 | D:3      | Found a faded altar of an unknown god.
  1590 | D:3      | Reached XP level 5. HP: 22/33 MP: 5/5
  1699 | D:3      | Found a transporter.
  1822 | D:3      | Found a glowing drain.
  1830 | Sewer    | Entered a sewer
  1888 | Sewer    | Noticed a water moccasin
  1894 | Sewer    | Killed a water moccasin
  1895 | Sewer    | Reached XP level 6. HP: 39/39 MP: 6/6
  2310 | D:3      | Found a transporter.
  2476 | D:3      | Noticed Terence
  2483 | D:3      | Noticed Jessica
  2485 | D:3      | Killed Terence
  2490 | D:3      | Killed Jessica
  3184 | D:4      | Reached skill level 5 in Axes
  3244 | D:4      | Reached XP level 7. HP: 35/44 MP: 7/7
  4104 | D:5      | Entered Level 5 of the Dungeon
  4272 | D:5      | Reached skill level 5 in Fighting
  4309 | D:5      | Reached *** piety under Trog
  4463 | D:5      | Reached skill level 5 in Armour
  4571 | D:5      | Reached XP level 8. HP: 43/49 MP: 8/8
  5427 | D:6      | Noticed Menkaure
  5436 | D:6      | Killed Menkaure
  5671 | D:6      | Reached XP level 9. HP: 42/55 MP: 9/9
  5926 | D:6      | Found a staircase to the Ecumenical Temple.
  5936 | D:6      | Reached skill level 6 in Fighting
  6161 | D:7      | Identified the "Zunetaod"
  6272 | D:7      | Found a transporter.
  6273 | D:7      | Found a transporter.
  6282 | D:7      | Noticed a kobold demonologist
  6282 | D:7      | Noticed pigah's ghost (novice OpSh)
  6293 | D:7      | Noticed a boulder beetle
  6606 | D:7      | Found a basalt altar of Yredelemnul.
  6633 | D:7      | Noticed Duvessa
  6633 | D:7      | Noticed Dowan
  6639 | D:7      | Killed Duvessa
  6648 | D:7      | Killed Dowan
  6737 | D:7      | Noticed an ice statue
  6920 | D:8      | Reached **** piety under Trog
  7152 | D:8      | Noticed Psyche
  7161 | D:8      | Killed Psyche
  7162 | D:8      | Reached skill level 7 in Fighting
  7532 | D:9      | Reached XP level 10. HP: 56/63 MP: 10/10
  7654 | D:9      | Found a staircase to the Orcish Mines.
  7663 | D:9      | Reached skill level 10 in Axes
  7934 | D:9      | Noticed a two-headed ogre
  7944 | D:9      | Killed a two-headed ogre
  8474 | D:9      | Noticed an obsidian statue
  8770 | D:9      | Noticed a two-headed ogre
  8776 | D:9      | Killed a two-headed ogre
  8777 | D:9      | Reached skill level 8 in Fighting
  8777 | D:9      | Reached skill level 1 in Evocations
  9037 | D:10     | Entered Level 10 of the Dungeon
  9043 | D:10     | Found a flagged portal.
  9053 | Bailey   | Entered a bailey
  9426 | Bailey   | Noticed an orc warlord
  9456 | Bailey   | Killed an orc warlord
  9457 | Bailey   | Reached skill level 9 in Fighting
  9457 | Bailey   | Reached XP level 11. HP: 71/71 MP: 11/11
  9650 | Bailey   | Found the +12 glaive of Prune {freeze, Prune}
  9990 | D:10     | Reached skill level 1 in Polearms
 10167 | D:10     | Identified a scroll of acquirement
 10167 | D:10     | Acquired 795 gold pieces
 10286 | D:10     | Found a transporter.
 10286 | D:10     | Noticed a two-headed ogre
 10286 | D:10     | Noticed kd29's ghost (journeyman GrEE)
 10287 | D:10     | Found a transporter.
 10287 | D:10     | Noticed a two-headed ogre
 10287 | D:10     | Noticed a two-headed ogre
 10288 | D:10     | Noticed a two-headed ogre
 10288 | D:10     | Noticed a two-headed ogre
 10297 | D:10     | Acquired the amulet "Sejod" {RegenMP Fragile +Blink rElec
                  | Dex+5}
 10694 | D:11     | Found a staircase to the Lair.
 10785 | D:11     | Noticed a manticore
 10793 | D:11     | Killed a manticore
 11167 | D:11     | Identified the +3 mace of Dung {elec, rPois rF++}
 11706 | Gauntlet | Identified the "Torieh"
 11706 | Lair:1   | Entered Level 1 of the Lair of Beasts
 11795 | Lair:1   | Reached skill level 5 in Polearms
 12622 | Lair:1   | You fall into a shaft and drop 1 floor!
 12624 | Lair:2   | Noticed a skyshark
 12632 | Lair:2   | Reached XP level 12. HP: 77/77 MP: 12/12
 12635 | Lair:2   | Killed a skyshark
 12636 | Lair:2   | Reached skill level 10 in Fighting
 12680 | Lair:2   | Noticed an eight-headed hydra
 12691 | Lair:2   | Killed a four-headed hydra
 13671 | Lair:2   | Reached skill level 10 in Polearms
 14085 | Lair:2   | Noticed an eight-headed hydra
 14085 | Lair:2   | Noticed a seven-headed hydra
 14094 | Lair:2   | Killed a six-headed hydra
 14353 | Lair:2   | Found a staircase to the Snake Pit.
 14596 | Lair:2   | Reached XP level 13. HP: 81/83 MP: 13/13
 15522 | Lair:3   | Reached skill level 11 in Fighting
 15627 | Lair:3   | Noticed Amaemon
 15628 | Lair:3   | Noticed Fannar
 15628 | Lair:3   | Noticed Kirke
 15748 | Lair:3   | Killed Amaemon
 15778 | Lair:3   | Killed Kirke
 15778 | Lair:3   | Reached ***** piety under Trog
 16202 | Lair:3   | Found a staircase to the Swamp.
 16280 | Lair:3   | Killed Fannar
 17297 | Lair:4   | Found a viscous altar of Jiyva.
 17297 | Lair:4   | Found a staircase to the Slime Pits.
 17588 | Lair:5   | Identified the "Felid"
 17588 | Lair:5   | Entered Level 5 of the Lair of Beasts
 18076 | Lair:5   | Gained mutation: Your large and strong wings let you fly.
                  | [Gargoyle growth]
 18076 | Lair:5   | Reached XP level 14. HP: 79/90 MP: 14/14
 18565 | Lair:5   | Reached skill level 15 in Polearms
 18838 | Lair:5   | Noticed a dire elephant
 18838 | Lair:5   | Noticed a dire elephant
 18838 | Lair:5   | Noticed a dire elephant
 18839 | Lair:5   | Noticed a dire elephant
 19351 | Lair:5   | Reached skill level 12 in Fighting
 19405 | Lair:5   | Identified the +7 orcbow "Tin Sehu" {drain, Fragile rPois
                  | rF+ rN++}
 19799 | Lair:5   | Killed a dire elephant
 19931 | Lair:5   | Killed a dire elephant
 20016 | Lair:5   | Killed a dire elephant
 20036 | Lair:5   | Killed a dire elephant
 20407 | Orc:1    | Entered Level 1 of the Orcish Mines
 20469 | Orc:1    | Found a radiant altar of Vehumet.
 20528 | Orc:1    | Received a gift from Trog
 20558 | Orc:1    | Noticed Snorg
 20568 | Orc:1    | Killed Snorg
 20739 | Orc:2    | Entered Level 2 of the Orcish Mines
 20759 | Orc:2    | Paralysed by an orc sorcerer for 2 turns
 21301 | Orc:2    | Found Tairuplia's Vocational Training.
 21305 | Orc:2    | Received a gift from Trog
 21309 | Orc:2    | Reached XP level 15. HP: 93/97 MP: 15/15
 21505 | Orc:2    | Paralysed by an orc sorcerer for 4 turns
 21787 | Orc:2    | Found Giephism's Antique Weapon Boutique.
 21787 | Orc:2    | Found Vosufus's Antique Armour Emporium.
 21789 | Orc:2    | Found Ideging's Book Boutique.
 21789 | Orc:2    | Found Enwaror's Antique Weapon Emporium.
 21894 | Orc:2    | Found a staircase to the Elven Halls.
 22082 | D:12     | Noticed Zoukiwysk's ghost (journeyman MiFi)
 22088 | D:12     | Found a runed translucent door.
 23390 | D:13     | Found Ifonarao's Assorted Antiques.
 23866 | D:13     | Found a gate to the Vaults.
 23971 | D:13     | Found Keck's Assorted Antiques.
 23977 | D:13     | Bought a scroll of teleportation for 78 gold pieces
 23977 | D:13     | Bought a twisted bone wand for 104 gold pieces
 24088 | D:13     | Found Jaxiute's Magic Scroll Boutique.
 24091 | D:13     | Bought a scroll of identify for 24 gold pieces
 24091 | D:13     | Bought a scroll of teleportation for 36 gold pieces
 24091 | D:13     | Bought a scroll of identify for 24 gold pieces
 24091 | D:13     | Bought a scroll of teleportation for 36 gold pieces
 24535 | Snake:1  | Entered Level 1 of the Snake Pit
 25029 | Snake:1  | Reached skill level 13 in Fighting
 26547 | Snake:1  | Noticed a nagaraja
 26557 | Snake:1  | Reached XP level 16. HP: 102/105 MP: 16/16
 26558 | Snake:1  | Reached XP level 17. HP: 107/110 MP: 17/17
 27087 | Snake:2  | Reached skill level 14 in Fighting
 27205 | Snake:2  | Identified the serpent talisman of the Scribe {+Blink rPois
                  | Int+3 Dex-3}
 27205 | Snake:2  | Noticed Aizul
 27222 | Snake:2  | Killed Aizul
 27222 | Snake:2  | Received a gift from Trog
 27567 | Snake:2  | Reached XP level 18. HP: 92/117 MP: 18/18
 27591 | Snake:2  | Noticed Vashnia
 27643 | Snake:2  | Killed Vashnia
 27985 | Snake:2  | Found a shadowy altar of Dithmenos.
 28312 | Snake:2  | Reached skill level 15 in Fighting
 28312 | Snake:2  | Reached skill level 10 in Armour
 28436 | Snake:3  | Noticed Saint Roka
 28533 | Snake:3  | Paralysed by an orc sorcerer for 4 turns
 28916 | Snake:3  | Noticed Mlioglotl
 29407 | Snake:3  | Noticed a bone dragon
 29414 | Snake:2  | Killed Mlioglotl
 29839 | Snake:3  | Found Ajeoje's Weapon Emporium.
 29977 | Snake:3  | Killed Saint Roka
 29978 | Snake:3  | Reached skill level 16 in Fighting
 29980 | Snake:3  | Received a gift from Trog
 30288 | Snake:4  | Entered Level 4 of the Snake Pit
 30427 | Snake:4  | Noticed Donald
 31002 | Snake:4  | Reached skill level 17 in Fighting
 31517 | Snake:4  | Received a gift from Trog
 32184 | Snake:4  | Reached ****** piety under Trog
 32185 | Snake:4  | Reached XP level 19. HP: 129/129 MP: 19/19
 32210 | Snake:4  | Killed Donald
 32304 | Snake:4  | Reached skill level 18 in Fighting
 32373 | Snake:4  | Got a serpentine rune of Zot
 32433 | Snake:4  | Received a gift from Trog
 32698 | Swamp:1  | Entered Level 1 of the Swamp
 33420 | Swamp:2  | Paralysed by a fenstrider witch for 3 turns
 33482 | Swamp:2  | Reached skill level 5 in Stealth
 34089 | Swamp:3  | Reached skill level 19 in Fighting
 34726 | Swamp:4  | Entered Level 4 of the Swamp
 34794 | Swamp:4  | Identified the +7 battleaxe of Overwhelming Force
                  | {antimagic, +Blink rPois rC+ Str-5} (Trog gifted it to you
                  | on level 4 of the Swamp)
 34794 | Swamp:4  | Received a gift from Trog
 34844 | Swamp:4  | Paralysed by a fenstrider witch for 4 turns
 35342 | Swamp:4  | Reached skill level 15 in Armour
 35531 | Swamp:4  | Got a decaying rune of Zot
 35556 | Swamp:4  | Reached XP level 20. HP: 140/140 MP: 16/20
 35641 | Swamp:4  | Received a gift from Trog
 35789 | Swamp:4  | Reached skill level 20 in Fighting
 36148 | Vaults:5 | Identified the of Ruenog
 36148 | Slime:1  | Entered Level 1 of the Pits of Slime
 36494 | D:13     | Found Haewkeso's Distillery.
 36500 | D:13     | Bought a potion of invisibility for 128 gold pieces
 36500 | D:13     | Bought 2 potions of haste for 320 gold pieces
 36726 | D:14     | Noticed Nessos
 36731 | D:14     | Found a runed translucent gate.
 36731 | D:14     | Found a runed translucent gate.
 36736 | D:14     | Killed Nessos
 36761 | D:14     | Found a runed translucent gate.
 37404 | D:14     | Noticed yetimobile's ghost (journeyman DsNe)
 38368 | Slime:2  | Gained mutation: Your magical capacity is low. (-10% MP) [a
                  | shining eye]
 38474 | Lair:4   | Received a gift from Trog
 38835 | Slime:2  | Gained mutation: You are frail. (-10% HP) [a shining eye]
 38968 | Slime:2  | Gained mutation: You are vulnerable to cold. (rC-) [a
                  | shining eye]
 40194 | Slime:1  | Annihilated by an azure jelly

Illustrated notes

Levels and vault maps discovered:
D:1:      tarquinn_simple_flora_water_e, layout_rooms, serial_glass,
          glass_columns_a, glass_columns_b, glass_columns_b, glass_columns_a,
          minmay_misc_feat_five
D:2:      layout_basic, corexii_shack, st_stairs_9
D:3:      gammafunk_steamed_eel, layout_loops_ring,
          ebering_ecumenical_altar_webs, portal_sewer_entry_e, uniq_terence,
          uniq_jessica
D:4:      layout_cave_pools
D:5:      layout_loops_ring, minmay_gold_behind_fungi, minivault_26
D:6:      layout_rooms, minmay_temple_entry_waves, corexii_shack,
          grunt_decor_clamped, hex_medium, uniq_menkaure
D:7:      layout_basic, mainiacjoe_overflow_boulevard, nzn_ghost_randoct,
          uniq_duvessa
D:8:      layout_loops_ring, uniq_psyche
D:9:      layout_irregular_city, orc_david_3, serial_rivers,
          chequers_serial_rivers_micro_d, chequers_serial_rivers_large_a,
          chequers_serial_rivers_micro_a, chequers_serial_rivers_micro_c,
          minivault_16
D:10:     layout_rooms, gammafunk_ghost_smash, enter_bailey_2,
          lightli_orcish_oven
D:11:     layout_long_grid, lair_entry_dummy
D:12:     layout_stronghold, hellmonk_ghost_big_iron,
          nicolae_straight_to_the_point
D:13:     layout_grid_maze, david_vaults_4, gauntlet_entry_generic,
          serial_shops, nicolae_shop_real_fake_doors,
          nicolae_shop_rolling_square, nicolae_shop_peninsula, shop
D:14:     layout_cave_pools, maelrawn_ghost_gauntlet_escape,
          roderic_three_in_a_row, roderic_batcave, uniq_nessos
Lair:1:   layout_long_grid, dreamdust_mushroom_princess,
          gammafunk_lair_bear_cave
Lair:2:   kb_forest_paths, layout_misc_corridors,
          nicolae_snake_entry_warm_welcome, portal_ice_cave_rime,
          dreamdust_gnoll_shepherd, serial_bayou_shore_b, lemuel_fruit_tree
Lair:3:   layout_chaotic_city, minmay_swamp_entry_worms, nicolae_lair_lindhole,
          uniq_fannar, uniq_kirke, uniq_amaemon
Lair:4:   layout_cave_shapes, slime_entry_1
Lair:5:   due_jungle_book, layout_cellular_growth, grunt_megastairs_4,
          serial_bayou_shore_a
Swamp:1:  layout_basic_swamp, evilmike_swamp_ruin_house_3,
          infiniplex_staircase_pool_2
Swamp:2:  layout_basic_swamp, evilmike_swamp_ruin_house_1, swamp_pool_3,
          hangedman_swamp_pad, infiniplex_staircase_pool
Swamp:3:  layout_basic_swamp, evilmike_swamp_ruin_house_5, swamp_pool_5,
          grunt_hermit_hut
Swamp:4:  swamp_alternative, layout_basic_swamp, nicolae_swamp_dense_foliage
Snake:1:  layout_layer_cave
Snake:2:  layout_grid_maze, basic_altar, nicolae_snake_gridmaze_squiggle,
          uniq_aizul, uniq_vashnia
Snake:3:  layout_onion, serial_shops, shop, uniq_mlioglotl, uniq_saint_roka
Snake:4:  grunt_snake_rune_spirals, layout_concentric_octagons, uniq_donald
Slime:1:  layout_caves
Slime:2:  layout_caves, nicolae_slime_crime_time
Slime:3:  layout_caves
Orc:1:    layout_caves, basic_altar, uniq_snorg
Orc:2:    grunt_orc_tribal_feast, layout_caves, nicolae_shop_vocational

Skill      XL: |  1  2  3  4  5  6  7  8  9 10 11 12 13 14 15 16 17 18 19 20 |
---------------+-------------------------------------------------------------+-----
Axes           | 3 4 5 6 7 9 12 | 12.5
Fighting       | 4 5 7 9 10 11 12 13 14 17 19 20 | 20.7
Stealth        | 1 2 7 9 |  9.9
Dodging        | 2 3 |  3.2
Armour         | 3 5 6 9 13 15 | 15.7
Evocations     | 1 |  1.0
Polearms       | 7 11 14 16 18 | 18.9

Action                     |  1- 3 |  4- 6 |  7- 9 | 10-12 | 13-15 | 16-18 | 19-21 || total
---------------------------+-------+-------+-------+-------+-------+-------+-------++-------
  Melee: Hand axe          |   118 |   206 |   304 |       |       |       |       ||   628
         Punch             |       |       |     4 |     2 |     2 |       |     3 ||    11
         War axe           |       |       |    53 |   196 |       |       |       ||   249
         Glaive            |       |       |       |   217 |   873 |   541 |   689 ||  2320
         Broad axe         |       |       |       |     7 |    19 |       |    78 ||   104
 Invoke: Berserk           |     1 |     3 |     7 |    14 |     2 |     2 |     2 ||    31
         Trog's Hand       |       |       |       |     5 |     8 |     3 |     2 ||    18
         Brothers in Arms  |       |       |       |       |     1 |       |     2 ||     3
  Evoke: Wand              |       |       |       |    13 |    12 |     3 |    28 ||    56
    Use: Scroll            |     2 |       |     6 |    18 |    14 |     3 |     8 ||    51
         Potion            |       |     3 |       |     2 |     5 |     2 |    17 ||    29
   Stab: Sleeping          |       |       |       |       |       |     1 |    13 ||    14
         Distracted        |       |       |       |       |       |       |     6 ||     6
         Invisible         |       |       |       |       |       |       |     1 ||     1
 Armour: Animal skin       |    77 |       |       |       |       |       |       ||    77
         Chain mail        |    12 |   166 |   357 |   175 |       |       |       ||   710
         Plate armour      |       |       |       |   310 |   696 |   384 |       ||  1390
         Shadow dragon sca |       |       |       |       |       |   104 |   772 ||   876
  Dodge: Dodged            |    80 |    87 |   181 |   209 |   217 |   134 |   308 ||  1216

Table legend: (Time is in decaauts)
 A = Elapsed time spent in this place.
 B = Non-inter-level travel time spent in this place.
 C = Inter-level travel time spent in this place.
 D = Time resting spent in this place.
 E = Time spent auto-exploring this place.
 F = Levels seen in this place.
 G = Mean time per level.
                   A        B        C        D        E       F      G
               +--------+--------+--------+--------+--------+-----+--------+
         Total |  39972 |  37307 |   2665 |  10918 |  17969 |  34 | 1175.6 |
       Dungeon |  15228 |  14097 |   1131 |   4014 |   7873 |  14 | 1087.7 |
          Lair |   9513 |   8734 |    779 |   3329 |   3839 |   5 | 1902.6 |
         Swamp |   3295 |   3127 |    168 |    457 |   1767 |   4 |  823.8 |
     Snake Pit |   7106 |   6590 |    516 |   1292 |   3111 |   4 | 1776.5 |
    Slime Pits |   2146 |   2142 |      4 |    978 |    457 |   3 |  715.3 |
  Orcish Mines |   1531 |   1466 |     65 |    279 |    739 |   2 |  765.5 |
         Sewer |    379 |    379 |      0 |    277 |     31 |   1 |  379.0 |
        Bailey |    772 |    772 |      0 |    289 |    152 |   1 |  772.0 |
               +--------+--------+--------+--------+--------+-----+--------+

Top non-repeatable levels by time:
  Lair:5: 2509 daAuts
  Lair:2: 2321 daAuts
 Snake:2: 2209 daAuts
 Snake:4: 2143 daAuts
 Snake:1: 1897 daAuts
  Lair:1: 1888 daAuts
     D:9: 1720 daAuts
    D:13: 1697 daAuts
    D:11: 1577 daAuts
  Lair:4: 1577 daAuts
  Lair:3: 1216 daAuts
     D:4: 1206 daAuts
 Slime:1: 1141 daAuts
   Orc:2: 1091 daAuts
    D:12: 1086 daAuts
